 Dungeon Crawl Stone Soup version 0.21-a0-508-gf08a75f (webtiles) character file.

3 Gerstahl the Charmwright (level 1, 0/19 HPs)
             Began as a Naga Skald on Nov 28, 2017.
             Slain by an ooze (4 damage)
             ... on level 1 of the Dungeon.
             The game lasted 00:00:54 (398 turns).

Gerstahl the Charmwright (Naga Skald)                Turns: 398, Time: 00:00:55

Health: 0/19       AC:  1    Str: 13    XL:     1   Next: 50%
Magic:  2/3        EV:  9    Int: 13    God:
Gold:   39         SH:  0    Dex: 10    Spells: 3/4 levels left

rFire    . . .     SeeInvis +   a - +0 falchion
rCold    . . .     Gourm    .   (no shield)
rNeg     . . .     Faith    .   b - +0 leather armour
rPois    +         Spirit   .   (no helmet)
rElec    .         Reflect  .   (no cloak)
rCorr    .         Harm     .   (no gloves)
MR       .....                  (no barding)
Stlth    +.........             (no amulet)
HPRegen  0.06/turn              (no ring)
MPRegen  0.08/turn              (no ring)

@: short of breath, infused, very slow
A: large, see invisible, deformed body, poison resistance, slowness 2, slow
metabolism 1, spit poison 1, AC +0
a: Spit Poison


You were on level 1 of the Dungeon.
You were not hungry.

You visited 1 branch of the dungeon, and saw 1 of its levels.

You collected 39 gold pieces.

Inventory:

Hand Weapons
 a - a +0 falchion (weapon)
Armour
 b - a +0 leather armour (worn)
Scrolls
 f - a scroll of teleportation {unknown}
Potions
 e - a potion of degeneration {unknown}
Books
 c - a book of Battle

   Spells                             Type                      Level
   a - Infusion                       Charms                       1
   b - Shroud of Golubria             Charms/Translocation         2
   c - Song of Slaying                Charms                       2
   d - Spectral Weapon                Hexes/Charms                 3
   e - Regeneration                   Charms/Necromancy            3
Comestibles
 d - 2 bread rations


   Skills:
 + Level 2.1 Fighting
 + Level 2.1 Long Blades
 - Level 0.7 Armour
 - Level 1.5 Dodging
 - Level 2.0 Spellcasting
 - Level 3.0 Charms


You had 3 spell levels left.
You knew the following spells:

 Your Spells              Type           Power        Failure   Level  Hunger
a - Infusion              Chrm           #...         10%         1    ##.....


Dungeon Overview and Level Annotations

Branches:
Dungeon (1/15)

Altars:


Innate Abilities, Weirdness & Mutations

You cannot wear boots.
Your serpentine skin is tough. (AC +0)
You have supernaturally acute eyesight. (SInv)
Armour fits poorly on your strangely shaped body.
Your system is resistant to poisons. (rPois)
You cover ground very slowly.
You have a slow metabolism.
You can spit poison.


Message History

A hobgoblin comes into view.
The ooze barely misses you. The ooze barely misses you. The ooze hits you.
* * * LOW HITPOINT WARNING * * *
Casting: Infusion
Confirm with . or Enter, or press ? or * to list all spells.
You begin infusing your attacks with magical energy.
The ooze hits you.
* * * LOW HITPOINT WARNING * * *
Firing (i - inventory): No suitable missiles.
Press: ? - help, Shift-Dir - straight line, f - hobgoblin, p - ooze
Aim: a hobgoblin
Okay, then.
Press: ? - help, Shift-Dir - straight line, f/p - hobgoblin
Aim: a hobgoblin The splash of poison hits the ooze.
The ooze is severely wounded.
You feel slightly more hungry. The ooze hits you.
You die...

#.# #.# ##.#
#..###########
#............#
#)........#
#gg###..#.#
#J## #..# #
#@####.g# #.
#.....#.. ##.
#....###.. ...
#..##.#.#.# ##
#.......#.# #
##.######$#
#.# #.# #.#
#####


You could see an ooze, a hobgoblin and a goblin.

Vanquished Creatures
  A goblin (D:1)
  A hobgoblin (D:1)
  A bat (D:1)
3 creatures vanquished.

Notes
Turn   | Place    | Note
-------+----------+-------------------------------------------
     0 | D:1      | Gerstahl the Naga Skald began the quest for the Orb.
     0 | D:1      | Reached XP level 1. HP: 19/19 MP: 3/3
   398 | D:1      | Slain by an ooze

Vault maps used:
D:1:      eino_arrival_druids_welcome, corexii_leaking_fountain

Action                   || total
-------------------------++-------
Melee: Falchion          ||    15
 Cast: Infusion          ||     1
 Abil: Spit Poison       ||     6
Armor: Leather armour    ||     3
Dodge: Dodged            ||    14
       Rpst.: Falchion   ||     3

Table legend:
 A = Spawn XP
 B = Non-spawn XP
 C = Spawn XP percentage of total XP
 D = Spawn monster count
 E = Non-spawn monster count
 F = Spawn count percentage of total count
 G = Total turns spent on level
                    A         B        C        D         E        F      G
               +---------+---------+-------+---------+---------+-------+---------
         Total |       0 |       5 |   0.0 |       0 |       3 |   0.0 |   398
               +---------+---------+-------+---------+---------+-------+---------
           D:1 |       0 |       5 |   0.0 |       0 |       3 |   0.0 |   398
               +---------+---------+-------+---------+---------+-------+---------
